AoeStats
← wilsonso35

MegaRandom

508861358Analyzed
4v4 RM · 7d ago on Sep 24, 2026· 63m 55s· 8 players
Game mode
Random Map
Map size
Large (8 player)
Population
200
Speed
Normal
Resources
Standard
Victory
Conquest
Starting age
Dark Age
Ending age
Imperial Age
RankedLock teamsTeams togetherTeam positionsShared explorationLock speedFull tech treeHidden civsTurbo modeCheats
Victory
Defeat
🇨🇳 Varangians · China
1148
+16
🇨🇳 Poles · China
1148
+16
🇹🇼 Tupi · Taiwan
1146
+16
🇨🇳 Magyars · China
1140
+17
🇨🇳 Bohemians · China
1222
-19
🇭🇰 Britons · Hong Kong SAR China
1167
-17
🇩🇪 Dravidians · Germany
1119
-15
🇨🇳 Magyars · China
1106
-14
只會5TC
6:57 Loom
9:23 Feudal Age
11:46 Double-Bit Axe
19:29 Castle Age
18:02 Horse Collar
18:15 Gold Mining
20:11 Wheelbarrow
23:37 Fletching
23:49 Padded Archer Armor
24:30 Bodkin Arrow
25:29 Town Watch
27:32 Bow Saw
27:59 Gold Shaft Mining
29:22 Ballistics
34:11 Imperial Age
32:46 Hand Cart
34:51 Leather Archer Armor
38:11 Onager
42:48 Elite Blackwood Archer
44:52 Conscription
45:24 Caravan
45:47 Bracer
46:17 Ring Archer Armor
49:38 Town Patrol
50:10 Forging
50:00 Scale Mail Armor
50:29 Elite Skirmisher
52:22 Two-Man Saw
54:14 Chemistry
54:12 Heavy Plow
60:17 Curare
1361331795
0:32 Loom
10:47 Feudal Age
16:47 Castle Age
15:20 Horse Collar
15:36 Double-Bit Axe
23:44 Bow Saw
25:01 Forging
27:42 Heavy Plow
29:26 Husbandry
29:36 Bloodlines
30:12 Stone Mining
31:12 Scale Barding Armor
35:24 Gold Mining
36:45 Wheelbarrow
39:25 Imperial Age
38:17 Iron Casting
38:02 Chain Barding Armor
38:54 Fletching
39:04 Padded Archer Armor
39:24 Elite Skirmisher
41:11 Hand Cart
41:09 Bodkin Arrow
41:29 Leather Archer Armor
41:42 Ballistics
43:01 Conscription
42:54 Elite Jarl
44:40 Blast Furnace
44:16 Plate Barding Armor
51:01 Bracer
51:31 Ring Archer Armor
54:34 Chemistry
54:56 Caravan
61:20 Siege Engineers
60:57 Treadmill Crane
62:26 Stone Shaft Mining
61:53 Scale Mail Armor
62:10 Fortified Wall
62:12 Masonry
63:51 Vendel Legacy
relax
9:40 Feudal Age
8:49 Loom
9:09 Loom
10:14 Double-Bit Axe
10:18 Horse Collar
14:39 Bloodlines
15:44 Scale Barding Armor
17:06 Forging
25:12 Castle Age
25:16 Light Cavalry
27:05 Gold Mining
27:51 Husbandry
28:34 Chain Barding Armor
29:35 Iron Casting
32:42 Wheelbarrow
33:21 Bow Saw
33:15 Heavy Plow
34:55 Hand Cart
34:35 Stone Mining
34:52 Stone Mining
37:00 Stone Shaft Mining
39:55 Szlachta Privileges
43:24 Imperial Age
43:43 Cavalier
45:26 Blast Furnace
45:24 Winged Hussar
55:36 Conscription
55:37 Lechitic Legacy
55:51 Crop Rotation
55:14 Town Watch
59:29 Caravan
cihuncihome
7:23 Loom
10:25 Feudal Age
12:08 Town Watch
15:27 Double-Bit Axe
21:58 Wheelbarrow
24:13 Castle Age
22:31 Horse Collar
22:43 Gold Mining
22:42 Arson
23:06 Scale Barding Armor
24:28 Scale Mail Armor
24:41 Pikeman
25:55 Husbandry
26:18 Light Cavalry
27:10 Bloodlines
27:34 Chain Barding Armor
28:46 Fletching
30:19 Bow Saw
30:37 Heavy Plow
38:52 Imperial Age
37:12 Stone Mining
38:59 Cavalier
40:59 Plate Barding Armor
45:45 Conscription
46:49 Paladin
51:37 Hussar
60:33 Capped Ram
61:33 Siege Engineers
转世
3:44 Loom
10:58 Feudal Age
16:19 Castle Age
14:39 Double-Bit Axe
23:05 Bow Saw
22:43 Horse Collar
23:57 Squires
24:38 Heavy Plow
25:10 Fervor
26:19 Pikeman
27:33 Forging
27:24 Scale Mail Armor
35:18 Imperial Age
33:24 Wheelbarrow
34:07 Wagenburg Tactics
33:53 Arson
34:55 Ballistics
35:42 Chemistry
37:34 Conscription
40:15 Houfnice
41:24 Halberdier
49:58 Chain Mail Armor
50:18 Iron Casting
53:28 Ballistics
53:15 Elite Hussite Wagon
54:54 Iron Casting
54:50 Plate Mail Armor
涛哥
0:30 Loom
11:45 Feudal Age
18:21 Castle Age
16:40 Double-Bit Axe
16:38 Horse Collar
27:00 Fletching
27:11 Padded Archer Armor
27:43 Husbandry
27:53 Bloodlines
33:08 Bodkin Arrow
33:14 Padded Archer Armor
35:46 Leather Archer Armor
39:43 Heavy Plow
40:20 Corvinian Army
44:04 Wheelbarrow
45:44 Bow Saw
57:03 Imperial Age
wilsonso35
8:10 Loom
8:59 Loom
11:42 Feudal Age
13:06 Wheelbarrow
12:13 Horse Collar
12:21 Double-Bit Axe
17:02 Castle Age
15:39 Gold Mining
18:03 Hand Cart
19:20 Town Watch
20:12 Heavy Plow
24:29 Stone Mining
25:55 Husbandry
26:02 Scale Barding Armor
26:42 Gold Shaft Mining
27:51 Caravan
27:56 Fletching
31:45 Bodkin Arrow
32:32 Padded Archer Armor
33:37 Leather Archer Armor
37:44 Imperial Age
37:12 Forging
38:11 Ballistics
38:56 Iron Casting
38:47 Conscription
38:30 Bracer
37:54 Elite Longbowman
39:08 Bow Saw
38:42 Pikeman
39:55 Ring Archer Armor
40:08 Yeomen
39:54 Town Patrol
41:45 Chemistry
42:31 Blast Furnace
42:29 Arrowslits
44:21 Two-Man Saw
44:27 Scale Mail Armor
44:29 Squires
43:50 Halberdier
45:36 Gambesons
46:11 Arson
49:05 Chain Mail Armor
49:44 Treadmill Crane
56:02 Plate Mail Armor
55:24 Guard Tower
55:45 Masonry
58:49 Architecture
58:26 Murder Holes
60:06 Keep
62:54 Hoardings
3nt0N
3:27 Loom
12:07 Feudal Age
16:52 Castle Age
27:29 Double-Bit Axe
31:16 Pikeman
33:43 Forging
36:52 Forging
38:29 Iron Casting
37:55 Scale Mail Armor
41:14 Wheelbarrow
40:57 Caravan
41:45 Stone Mining
41:48 Gold Mining
46:44 Imperial Age
45:49 Fletching
47:27 Bodkin Arrow
Connection lost

Rejoining the realm…

Still unreachable

The connection could not be restored.

Session expired

The server has moved on; the page needs a fresh start.